 Dungeon Crawl Stone Soup version 0.30.0-5-g1a98f26d00 (webtiles) character file.

Game seed: 1042574750655583239

193 Adrian566 the Chopper (level 5, -1/47 HPs)
             Began as a Hill Orc Fighter on May 9, 2023.
             Slain by Edmund
             ... wielding a +1 flail of protection
              (10 damage)
             ... on level 4 of the Dungeon.
             The game lasted 00:02:32 (3081 turns).

Adrian566 the Chopper (Hill Orc Fighter)            Turns: 3081, Time: 00:02:32

Health: -1/47      AC:  7    Str: 21    XL:     5   Next: 72%
Magic:  5/5        EV:  8    Int:  8    God:
Gold:   178        SH:  8    Dex: 10    Spells: 4/4 levels left

rFire   . . .        a - +0 war axe
rCold   . . .        o - +0 kite shield
rNeg    . . .        b - +0 scale mail
rPois   .            (no helmet)
rElec   .            (no cloak)
rCorr   .            (no gloves)
SInv    .            (no boots)
Will    .....        (no amulet) Stlth
                     (no ring)
HPRegen 0.27/turn    (no ring)
MPRegen 0.09/turn

%: no passive effects
@: mighty
A: no striking features
a: no special abilities


You were on level 4 of the Dungeon.
You visited 1 branch of the dungeon, and saw 4 of its levels.

You collected 178 gold pieces.

Inventory:

Hand Weapons
 a - a +0 war axe (weapon)
Armour
 b - a +0 scale mail (worn)
 c - a +0 buckler
 o - a +0 kite shield (worn)
Wands
 j - a wand of acid (6)
 n - a wand of roots (7)
Scrolls
 h - 4 scrolls of identify {unknown}
 k - a scroll of poison {unknown}
 m - 5 scrolls of teleportation {unknown}
 p - a scroll of blinking {unknown}
 q - a scroll of fog {unknown}
 r - a scroll of enchant weapon {unknown}
Potions
 e - 4 potions of heal wounds {unknown}
 f - a potion of cancellation {unknown}
 g - 5 potions of curing {unknown}
 i - 2 potions of haste
 l - 2 potions of lignification {unknown}
 s - a potion of attraction {unknown}


   Skills:
 + Level 4.6 Fighting
 + Level 5.1 Axes
 + Level 4.1 Armour
 + Level 0.8 Dodging
 + Level 4.0 Shields


You had 4 spell levels left.
You didn't know any spells.
Your spell library was empty.

Dungeon Overview and Level Annotations

Branches:
Dungeon (4/15)
 Temple: D:4-7

Altars:
Ashenzari
Cheibriados
Fedhas
Gozag
Kikubaaqudgha
Makhleb
Trog
Uskayaw
Vehumet
Yredelemnul

Annotations:
D:4 Edmund


Message History

There are monsters nearby!
You hit the adder.
The adder is heavily wounded.
The adder bites you but does no damage.
You slash the adder!
You kill the adder!
You feel very mighty all of a sudden.
Edmund drinks a potion.
Edmund seems to speed up.
You swing at nothing.
Edmund hits you with a +1 flail of protection.
You slash Edmund!
Edmund is moderately wounded.
Edmund hits you with a +1 flail of protection.
Edmund completely misses you.
Edmund hits you with a +1 flail of protection!
You barely miss Edmund.
Edmund is moderately wounded.
Edmund hits you with a +1 flail of protection.
Edmund hits you but does no damage.
You hit Edmund but do no damage.
Edmund is moderately wounded.
Edmund hits you with a +1 flail of protection.
Edmund barely misses you.
You hit Edmund.
Edmund is moderately wounded.
Edmund hits you with a +1 flail of protection.
You block Edmund's attack.
You hit Edmund.
Edmund is moderately wounded.
Edmund hits you with a +1 flail of protection!
Edmund hits you with a +1 flail of protection.
You barely miss Edmund.
Edmund is moderately wounded.
You block Edmund's attack.
Edmund hits you with a +1 flail of protection!
* * * LOW HITPOINT WARNING * * *
You barely miss Edmund.
Edmund is moderately wounded.
Edmund hits you with a +1 flail of protection!
You die...

)...###....♣ #. .. ..# ...##
##...♣#####. #. #.# ...#
#....'...#: #.#####.# ...##
##...♣#...#. #....##.#
....###....♣#####. ####.##.###
..8.....8..♣#.....#####..........
...........♣#.....†#........#.##.
...........♣######.#.##.###.#.##.
♣♣♣♣♣♣♣♣♣♣♣♣#...@@.#<.....#......
############.######.##.#.#.#.##.
#...##.#.#...............#.#.##.
#...##.#.##..######.##.^.#.#.##.
##.###.......)....#.####.#.#.##.
#.#####.##........).......#.##.
#.......#........#.####.###.##.
####################.# #.# #.##.
.....................####.###.##.


You could see Edmund (fast).

Vanquished Creatures
  A crimson imp (D:3)
  An iguana (D:2)
  5 adders
  A worm (D:2)
  3 dart slugs
  8 ball pythons
  7 endoplasms
  3 giant cockroaches (D:2)
  5 goblins
  6 hobgoblins
  11 jackals (D:1)
  2 quokkas
  9 bats
  2 frilled lizards (D:1)
  5 kobolds
  4 rats
73 creatures vanquished.

Notes
Turn   | Place    | Note
-------+----------+-------------------------------------------
     0 | D:1      | Adrian566 the Hill Orc Fighter began the quest for the Orb.
     0 | D:1      | Reached XP level 1. HP: 19/19 MP: 1/1
    19 | D:1      | You fall into a shaft and drop 1 floor!
   156 | D:1      | Reached skill level 3 in Axes
   158 | D:1      | Reached XP level 2. HP: 27/27 MP: 2/2
   254 | D:1      | Reached XP level 3. HP: 33/33 MP: 3/3
   280 | D:1      | Found a faded altar of an unknown god.
   946 | D:2      | Reached skill level 4 in Axes
   946 | D:2      | Reached XP level 4. HP: 18/40 MP: 4/4
  1196 | D:2      | Found a burning altar of Makhleb.
  1525 | D:2      | Reached XP level 5. HP: 47/47 MP: 5/5
  2255 | D:3      | Found an opulent altar of Gozag.
  2255 | D:3      | Found a hide-covered altar of Uskayaw.
  2260 | D:3      | Found a snail-covered altar of Cheibriados.
  2261 | D:3      | Found a basalt altar of Yredelemnul.
  2263 | D:3      | Found a blossoming altar of Fedhas.
  2264 | D:3      | Found a broken altar of Ashenzari.
  2266 | D:3      | Found a bloodstained altar of Trog.
  2270 | D:3      | Found an ancient bone altar of Kikubaaqudgha.
  2447 | D:3      | Found a burning altar of Makhleb.
  2447 | D:3      | Found a radiant altar of Vehumet.
  2467 | D:3      | Reached skill level 5 in Axes
  3067 | D:4      | Noticed Edmund
  3081 | D:4      | Slain by Edmund

Illustrated notes

Levels and vault maps discovered:
D:1:      lightli_iron_boxes, layout_basic, shapermc_ecumenical_altar_ellora
D:2:      minmay_spotlight, layout_basic, basic_altar
D:3:      layout_basic, grunt_temple_overflow_lords_of_destruction,
          nicolae_overflow_hallway_of_the_gods
D:4:      layout_basic, minmay_misc_feat_ornament, kennysheep_path_1,
          hangedman_decor_diamond_cutter, uniq_edmund

Skill      XL: |  1  2  3  4  5 |
---------------+----------------+-----
Axes           | 3 4 5 |  5.1
Fighting       | 4 |  4.6
Armour         | 4 |  4.1
Shields        | 4 |  4.0
Dodging        | |  0.8

Action                     |  1- 3 |  4- 6 || total
---------------------------+-------+-------++-------
  Melee: War axe           |    98 |   126 ||   224
    Use: Potion            |       |     1 ||     1
 Armour: Scale mail        |    47 |    67 ||   114
  Dodge: Dodged            |    60 |    47 ||   107
  Block: Buckler           |    19 |    20 ||    39
         Kite shield       |       |    21 ||    21
